 Dungeon Crawl Stone Soup version 0.25.1-8-g42b30a86e7 (webtiles) character file.

Game seed: 665761163391543777

279 VinVin the Distorting Demonspawn (level 6, 0/48 HPs)
             Began as a Demonspawn Abyssal Knight on Dec 28, 2020.
             Was a Believer of Lugonu.
             Killed by divine providence
             ... invoked by an orc priest
              (11 damage)
             ... on level 3 of the Dungeon.
             The game lasted 00:09:11 (3131 turns).

VinVin the Distorting Demonspawn (DsAK)             Turns: 3131, Time: 00:09:12

Health: 0/48       AC: 16    Str: 14    XL:     6   Next: 5%
Magic:  0/9        EV:  6    Int: 13    God:    Lugonu [**....]
Gold:   93         SH:  0    Dex: 13    Spells: 5/5 levels left

rFire    . . .     SeeInvis .   a - +2 spear
rCold    . . .     Gourm    .   (no shield)
rNeg     . . .     Faith    .   v - +0 chain mail
rPois    .         Spirit   +   (helmet restricted)
rElec    .         Reflect  .   (no cloak)
rCorr    .         Harm     .   (no gloves)
MR       .....                  (no boots)
Stlth    ..........             (no amulet)
HPRegen  0.16/turn              w - +4 ring of protection
MPRegen  0.11/turn              (no ring)

@: brilliant, flying
A: horns 2, yellow scales 2, magic shield
a: Depart the Abyss, Bend Space, Renounce Religion


You were on level 3 of the Dungeon.
You worshipped Lugonu.
Lugonu was pleased with you.
You were not hungry.

You visited 1 branch of the dungeon, and saw 3 of its levels.
You visited the Abyss 1 time.

You collected 93 gold pieces.

Inventory:

Hand Weapons
 a - a +2 spear (weapon)
Armour
 b - a +0 leather armour
 l - a +1 helmet
 v - a +0 chain mail (worn)
Jewellery
 w - a +4 ring of protection (left hand)
Scrolls
 g - a scroll of immolation
 j - 2 scrolls of identify {unknown}
 m - 3 scrolls of enchant armour
 o - a scroll of remove curse
 u - a scroll of amnesia {unknown}
Potions
 e - a potion of curing {unknown}
 f - a potion of brilliance
 k - a potion of lignification {unknown}
 p - a potion of berserk rage
 q - 2 potions of flight
 r - a potion of haste {unknown}
 s - a potion of mutation {unknown}
 t - a potion of stabbing {unknown}
Comestibles
 c - 7 rations
 h - a chunk of flesh


   Skills:
 + Level 3.8 Fighting
 * Level 3.6 Polearms
 + Level 2.7 Armour
 - Level 0.8 Dodging
 * Level 5.2 Invocations


You had 5 spell levels left.
You didn't know any spells.
Your spell library was empty.

Dungeon Overview and Level Annotations

Branches:
Dungeon (3/15)

Altars:
Xom


Innate Abilities, Weirdness & Mutations

You have a pair of horns on your head.
You are mostly covered in yellow scales. (AC +3)
When hurt, damage is shared between your health and your magic reserves.


Message History

It was a potion of brilliance.
You feel clever all of a sudden. The hobgoblin hits you.
* * * LOW HITPOINT WARNING * * *
The orc priest calls upon Beogh to heal the orc priest.
The orc priest is healed somewhat.
It was a potion of heal wounds.
You feel much better. The hobgoblin hits you.
You completely miss the hobgoblin.
The orc priest calls down the wrath of Beogh upon you.
Beogh smites you!
* * * LOW HITPOINT WARNING * * *
A hobgoblin comes into view.
The hobgoblin hits you but does no damage.
The hobgoblin shouts!
You hit the hobgoblin.
You headbutt the hobgoblin, but do no damage.
The hobgoblin is lightly wounded.
The orc priest calls down the wrath of Beogh upon you.
Beogh smites you!
You die...

...###.....##....# o.
#............#
......#......##..#
....####.....###o#
... ##....# #.### #
.... #....# #...# ..
.....##
#....###...##..
#...###...รท.........
#.@gooo.).....##.
#..####..g#....# #
....# ###.##...#
...... ..##...# %#...
..###...# ..... ...
##### .### ####


You could see 2 orc priests, an orc and 2 hobgoblins.

Vanquished Creatures
  Sigmund (D:2)
  An orc wizard (D:2)
  3 adders (D:2)
  2 worms (D:2)
  2 dart slugs (D:1)
  2 leopard geckos
  8 orcs
  A ball python (D:1)
  3 bats
  A giant cockroach (D:1)
  7 goblins
  8 hobgoblins
  3 jackals (D:2)
  A quokka (D:2)
  A frilled lizard (D:2)
  6 kobolds
  9 rats
59 creatures vanquished.

Notes
Turn   | Place    | Note
-------+----------+-------------------------------------------
     0 | Abyss:1  | VinVin the Demonspawn Abyssal Knight began the quest for
                  | the Orb.
     0 | Abyss:1  | Reached XP level 1. HP: 18/18 MP: 2/2
    32 | Abyss:1  | Noticed a starcursed mass
    50 | D:1      | Escaped the Abyss
   376 | D:1      | Gained mutation: You are partially covered in yellow
                  | scales. (AC +2) [demonic ancestry]
   376 | D:1      | Reached XP level 2. HP: 23/24 MP: 4/4
   412 | D:1      | Reached skill level 3 in Invocations
   429 | D:1      | Reached * piety under Lugonu
   823 | D:1      | Gained mutation: When hurt, damage is shared between your
                  | health and your magic reserves. [demonic ancestry]
   823 | D:1      | Reached XP level 3. HP: 29/29 MP: 5/5
  1509 | D:2      | Found a shimmering altar of Xom.
  1861 | D:2      | Gained mutation: You have a pair of small horns on your
                  | head. [demonic ancestry]
  1861 | D:2      | Reached XP level 4. HP: 35/35 MP: 6/6
  1939 | D:2      | Noticed Sigmund
  2568 | D:2      | Reached ** piety under Lugonu
  2785 | D:2      | Reached skill level 4 in Invocations
  2799 | D:2      | Killed Sigmund
  2799 | D:2      | Reached skill level 5 in Invocations
  2799 | D:2      | Gained mutation: You have a pair of horns on your head.
                  | [demonic ancestry]
  2799 | D:2      | Reached XP level 5. HP: 32/42 MP: 5/8
  2955 | D:2      | Gained mutation: You are mostly covered in yellow scales.
                  | (AC +3) [demonic ancestry]
  2955 | D:2      | Reached XP level 6. HP: 38/48 MP: 9/9
  3122 | D:3      | HP: 2/48 [orc priest/nerve-wracking pain (7)]
  3128 | D:3      | HP: 2/48 [hobgoblin (1)]
  3131 | D:3      | Killed from afar by an orc priest

Illustrated notes

Levels and vault maps discovered:
D:1:      sevenhm_arrival_forest_fort_large_1, layout_loops_ring,
          minmay_distorted
D:2:      layout_basic, minmay_misc_feat_more_columns, grunt_ministairs_9,
          xom_teletrap_fun, uniq_sigmund
D:3:      layout_rooms, lemuel_doored_altar, first_ration

Skill      XL: |  1  2  3  4 |
---------------+-------------+-----
Polearms       | 2 3 |  3.6
Invocations    | 3 5 |  5.2
Armour         | 2 |  2.7
Fighting       | |  3.8
Dodging        | |  0.8

Action                   |  1- 3 |  4- 6 || total
-------------------------+-------+-------++-------
Melee: Spear             |   198 |    78 ||   276
       Headbutt          |       |     8 ||     8
Invok: Depart the Abyss  |     1 |       ||     1
       Bend Space        |       |     1 ||     1
  Use: Scroll            |     2 |     4 ||     6
       Potion            |       |     4 ||     4
  Eat: Chunk             |     3 |     4 ||     7
Armor: Leather armour    |     2 |       ||     2
       Ring mail         |    66 |       ||    66
       Chain mail        |       |    44 ||    44
Dodge: Dodged            |    93 |    12 ||   105
